 Dungeon Crawl Stone Soup version 0.15-a0-1579-gd26fec2 (console) character file.

1104 Money the Grappler (level 8, -1/40 HPs)
             Began as a Vine Stalker Monk on June 19, 2014.
             Was a Believer of Cheibriados.
             Slain by a killer bee (2 damage)
             ... on Level 7 of the Dungeon.
             The game lasted 00:11:07 (2066 turns).

Money the Grappler (Vine Stalker Monk)              Turns: 2066, Time: 00:11:07

HP  -1/40        AC  5     Str 21      XL: 8   Next: 32%
MP   0/12        EV 18     Int 14      God: Cheibriados [**....]
Gold 141         SH  0     Dex 25      Spells:  0 memorised,  7 levels left

rFire  . . .     SeeInvis .       - Unarmed
rCold  . . .     Clarity  .     m - +1 leather armour
rNeg   . . .     rCorr    .     (no shield)
rPois  .         rRot     +     H - +0 helmet
rElec  .         Spirit   +     (no cloak)
SustAb .         Warding  .     (no gloves)
rMut   .         Stasis   .     (no boots)
Gourm  .                        (no amulet)
MR     ++...                    e - ring of protection from magic
                                q - ring of stealth

@: agile, very slow, very resistant to hostile enchantments, quite stealthy
A: fangs 3, regeneration 2, magic shield, antimagic bite, no device heal 3, rot
immunity
a: Bend Time, Renounce Religion


You were on level 7 of the Dungeon.
You worshipped Cheibriados.
Cheibriados was pleased with you.
You were hungry.

You visited 2 branches of the dungeon, and saw 9 of its levels.

You collected 225 gold pieces.
You spent 84 gold pieces at shops.

Inventory:

Missiles
 x - 6 curare-tipped needles
 y - 5 javelins
 E - a throwing net (quivered)
Armour
 a - a +0 robe
 m - a +1 leather armour (worn)
 s - a +0 scale mail
 t - a +0 ring mail
 u - a +0 ring mail
 z - a +0 leather armour
 F - a +0 chain mail
 H - a +0 helmet (worn)
Magical devices
 r - a wand of fireball (2)
 w - a wand of frost (10)
 A - a wand of draining (5)
 G - a wand of polymorph (5)
 I - a wand of confusion (14)
Comestibles
 b - a bread ration
 k - 2 meat rations
 v - 3 beef jerkies
Scrolls
 f - 3 scrolls of magic mapping {unknown}
 h - a scroll of blinking {unknown}
 j - a scroll of enchant weapon {unknown}
 l - 2 scrolls of teleportation {unknown}
 p - 2 scrolls of random uselessness {unknown}
 D - a scroll of fog {unknown}
Jewellery
 e - a ring of protection from magic (right hand)
 g - an uncursed ring of teleportation
 o - an uncursed ring of sustain abilities
 q - a ring of stealth (left hand)
Potions
 c - 2 potions of haste {unknown}
 i - 2 potions of agility
 n - a potion of invisibility {unknown}
 B - a potion of brilliance
 C - a potion of porridge


   Skills:
 + Level 3.1 Fighting
 + Level 2.8 Dodging
 - Level 2.4 Stealth
 - Level 12.0 Unarmed Combat
 * Level 1.6 Invocations


You had 7 spell levels left.
You didn't know any spells.

Dungeon Overview and Level Annotations

Branches:
Dungeon (8/15)             Temple (1/1) D:7
   Lair: D:8-11

Altars:
Ashenzari
Cheibriados
Dithmenos
Elyvilon
Fedhas
Kikubaaqudgha
Makhleb
Xom

Shops:
D:5 !   D:6 :

Annotations:
D:7 Prince Ribbit


Innate Abilities, Weirdness & Mutations

You have razor-sharp teeth.
You heal very quickly.
When hurt, damage is shared between your health and your magic reserves.
Your bite disrupts and absorbs the magic of your enemies.
Potions and wands cannot restore your health.
You are immune to rotting.


Message History

Okay, then.
Use which ability? (? or * to list)
Okay, then.
Unknown command.
You barely miss the killer bee. You bite the killer bee! You drain its power.
You feel invigorated.
The killer bee is heavily wounded.
The killer bee closely misses you.
The killer bee stings you but does no damage.
Drink which item? (? for menu, Esc to quit)
You feel agile all of a sudden. The killer bee closely misses you.
The killer bee stings you!
* * * LOW HITPOINT WARNING * * *
You are more poisoned.
The killer bee poisons you! The killer bee stings you.
You are more poisoned.
The killer bee poisons you!
Drink which item? (? for menu, Esc to quit)
You feel better. The killer bee closely misses you. The killer bee stings you.
You die...

###### ##..#.## #......# #
#..y@## # ## ##.#y..#### .
#..# #.......#.## #
#....#####.........# .
........#.#.....#...##
.............#..#......#
.......................###
..)......................##
..........................#


You could see 2 killer bees.

Vanquished Creatures
  An ogre (D:7)
  A sky beast (D:5)
  A gnoll sergeant (D:5)
  2 giant frogs (D:6)
  A killer bee (D:7)
  A hippogriff skeleton (D:5)
  A crimson imp (D:6)
  A goliath beetle (D:6)
  A black bear zombie (D:7)
  2 hounds
  5 worker ants
  An orc wizard (D:6)
  An iguana (D:7)
  2 orc priests
  An ogre skeleton (D:4)
  12 gnolls
  2 adders
  A shadow imp (D:7)
  4 giant geckos
  An ooze (D:3)
  11 orcs
  A ball python (D:4)
  A bat skeleton (D:4)
  A giant cockroach (D:4)
  5 goblins
  8 hobgoblins
  6 jackals
  6 kobolds
  A quokka (D:4)
  6 bats
  2 giant newts
  6 rats
96 creatures vanquished.

Notes
Turn   | Place    | Note
--------------------------------------------------------------
     0 | D:1      | Money, the Vine Stalker Monk, began the quest for the Orb.
     0 | D:1      | Reached XP level 1. HP: 11/11 MP: 1/1
   115 | D:2      | Reached XP level 2. HP: 16/16 MP: 3/3
   158 | D:2      | Found a blossoming altar of Fedhas.
   430 | D:2      | Reached skill level 10 in Unarmed Combat
   430 | D:2      | Reached XP level 3. HP: 19/19 MP: 4/4
   471 | D:3      | Reached XP level 4. HP: 21/23 MP: 3/5
   540 | D:3      | Found a shattered altar of Ashenzari.
   586 | D:2      | Found a burning altar of Makhleb.
   683 | D:4      | Reached XP level 5. HP: 27/27 MP: 7/7
   746 | D:4      | Found a shimmering altar of Xom.
   762 | D:4      | Found a shadowy altar of Dithmenos.
   798 | D:5      | Entered Level 5 of the Dungeon
   939 | D:4      | Gained mutation: You heal very quickly. [vine stalker growth]
   939 | D:4      | Reached XP level 6. HP: 27/32 MP: 8/8
  1102 | D:5      | Noticed a sky beast
  1112 | D:5      | Found Kleficerch's Distillery.
  1123 | D:5      | Bought a potion of brilliance for 35 gold pieces
  1123 | D:5      | Bought a potion of porridge for 14 gold pieces
  1123 | D:5      | Bought a potion of agility for 35 gold pieces
  1166 | D:5      | Reached skill level 11 in Unarmed Combat
  1249 | D:5      | Killed a sky beast
  1249 | D:5      | Reached XP level 7. HP: 26/35 MP: 5/9
  1591 | D:6      | Found Psaxauwk's Book Boutique.
  1676 | D:6      | Reached skill level 12 in Unarmed Combat
  1702 | D:7      | Gained mutation: You have razor-sharp teeth. [vine stalker growth]
  1702 | D:7      | Reached XP level 8. HP: 39/39 MP: 11/11
  1862 | D:7      | Noticed Prince Ribbit
  1886 | D:7      | Found a staircase to the Ecumenical Temple.
  1896 | Temple   | Entered the Ecumenical Temple
  1922 | Temple   | Became a worshipper of Cheibriados the Contemplative
  1957 | D:7      | Reached skill level 1 in Invocations
  2063 | D:7      | HP: 2/40 [killer bee (1)]
  2066 | D:7      | Slain by a killer bee

Action                   |  1- 3 |  4- 6 |  7- 9 || total
-------------------------+-------+-------+-------++-------
Melee: Unarmed           |    50 |   132 |    99 ||   281
Throw: Throwing net      |       |     3 |     2 ||     5
Invok: Bend Time         |       |       |     1 ||     1
Evoke: Wand              |       |     3 |     2 ||     5
  Use: Scroll            |     4 |       |     1 ||     5
       Potion            |     1 |     1 |     3 ||     5
 Stab: Sleeping          |     2 |     2 |     4 ||     8
